 Dungeon Crawl Stone Soup version 0.29.1-12-g30fa7ad0bf (webtiles) character file.

Game seed: 9366761593352620406

75 javelincjr the Trooper (level 4, -1/49 HPs)
             Began as an Ogre Berserker on Jan 18, 2023.
             Was a Believer of Trog.
             Slain by an orc
             ... wielding a +0 falchion
              (4 damage)
             ... on level 2 of the Dungeon.
             The game lasted 00:03:07 (1481 turns).

javelincjr the Trooper (Ogre Berserker)             Turns: 1481, Time: 00:03:07

Health: -1/49      AC:  3    Str: 23    XL:     4   Next: 31%
Magic:  13/13      EV: 10    Int:  8    God:    Trog [**....]
Gold:   52         SH:  0    Dex:  8    Spells: 3/3 levels left

rFire   + . .      SeeInvis .   a - +0 spear
rCold   + . .      Faith    .   (no shield)
rNeg    . . .      Spirit   .   b - +0 animal skin
rPois   .          Reflect  .   (helmet restricted)
rElec   .          Harm     .   g - scarf {rC+ rF+}
rCorr   .          Rampage  .   (gloves unavailable)
Will    .....                   (boots unavailable)
Stlth   +.........              (no amulet)
HPRegen 0.16/turn               k - ring of magical power
MPRegen 0.13/turn               (no ring)

@: no status effects
A: large, unfitting armour, tough skin 1
a: Renounce Religion, Berserk, Trog's Hand


You were on level 2 of the Dungeon.
You worshipped Trog.
Trog was pleased with you.
You visited 1 branch of the dungeon, and saw 2 of its levels.

You collected 52 gold pieces.

Inventory:

Hand Weapons
 a - a +0 spear (weapon)
Armour
 b - a +0 animal skin (worn)
 g - a scarf of resistance (worn)
Jewellery
 k - a ring of magical power (left hand)
Scrolls
 c - a scroll of enchant weapon {unknown}
 d - a scroll of butterflies {unknown}
 e - 2 scrolls of teleportation {unknown}
 f - a scroll of magic mapping {unknown}
 j - a scroll of identify {unknown}
 l - a scroll of fear {unknown}
Potions
 h - a potion of heal wounds
 i - a potion of haste {unknown}
 m - 2 potions of curing {unknown}


   Skills:
 + Level 4.8 Fighting
 + Level 3.8 Polearms
 + Level 3.3 Dodging
 + Level 0.5 Stealth


You had 3 spell levels left.
You didn't know any spells.
Your spell library was empty.

Dungeon Overview and Level Annotations

Branches:
Dungeon (2/15)

Altars:


Innate Abilities, Weirdness & Mutations

You are too large for most types of armour.
You have tough skin. (AC +1)


Message History

You hit the orc.
The orc is heavily wounded.
The orc hits you with a +0 falchion.
You closely miss the orc.
The orc is heavily wounded.
The orc hits you with a +0 falchion.
You hit the orc but do no damage.
The orc is heavily wounded.
You barely miss the orc.
The orc is heavily wounded.
The orc hits you but does no damage.
You closely miss the orc.
The orc is heavily wounded.
The orc barely misses you.
You hit the orc but do no damage.
The orc is heavily wounded.
The orc barely misses you.
You hit the orc but do no damage.
The orc is heavily wounded.
The orc barely misses you.
You barely miss the orc.
The orc is heavily wounded.
The orc hits you with a +0 falchion.
* * * LOW HITPOINT WARNING * * *
You hit the orc.
The orc is heavily wounded.
The orc hits you with a +0 falchion.
* * * LOW HITPOINT WARNING * * *
You hit the orc but do no damage.
The orc is heavily wounded.
The orc hits you with a +0 falchion!
* * * LOW HITPOINT WARNING * * *
You hit the orc but do no damage. You punch the orc, but do no damage.
The orc is heavily wounded.
The orc hits you with a +0 falchion.
* * * LOW HITPOINT WARNING * * *
You hit the orc but do no damage.
The orc is heavily wounded.
The orc hits you with a +0 falchion.
You die...

#### ##
#.. ..
#.##$#
#@†.#
#)o.#
#...#
#.#..#
#.(....
.........
.##.##.##
. . .# ..
## #


You could see an orc.

Vanquished Creatures
  An orc priest (D:2)
  An adder (D:1)
  3 orcs
  2 endoplasms (D:1)
  2 giant cockroaches (D:1)
  2 hobgoblins (D:1)
  3 quokkas (D:1)
  4 ball pythons (D:1)
  4 bats (D:1)
  2 frilled lizards (D:1)
  3 goblins (D:1)
  4 kobolds (D:1)
  A rat (D:2)
32 creatures vanquished.

Notes
Turn   | Place    | Note
-------+----------+-------------------------------------------
     0 | D:1      | javelincjr the Ogre Berserker began the quest for the Orb.
     0 | D:1      | Reached XP level 1. HP: 24/24 MP: 1/1
   175 | D:1      | Reached XP level 2. HP: 29/32 MP: 2/2
   760 | D:1      | Reached XP level 3. HP: 40/40 MP: 3/3
  1202 | D:1      | Reached ** piety under Trog
  1340 | D:2      | Reached XP level 4. HP: 6/49 MP: 4/4
  1480 | D:2      | HP: 2/49 [orc/+0 falchion (1)]
  1481 | D:2      | Slain by an orc

Illustrated notes

Levels and vault maps discovered:
D:1:      beargit_arrival_greenhouse, layout_basic, hex_large
D:2:      layout_loops_cross, uniq_sigmund, uniq_crazy_yiuf_cottage

Skill      XL: |  1  2 |
---------------+-------+-----
Dodging        | 3 |  3.3
Fighting       | |  4.8
Polearms       | |  3.8
Stealth        | |  0.5

Action                   |  1- 3 |  4- 6 || total
-------------------------+-------+-------++-------
Melee: Spear             |   128 |    20 ||   148
       Punch             |     1 |     1 ||     2
  Use: Potion            |     1 |       ||     1
 Stab: Sleeping          |     3 |       ||     3
Armor: Animal skin       |    23 |     1 ||    24
Dodge: Dodged            |    62 |     7 ||    69
